 Dungeon Crawl Stone Soup version 0.28-a0-1638-g9123634e07 (webtiles) character file.

Game seed: 4780770922690904487

106246 HallandMoats the Sharpshooter (level 16, -3/139 HPs)
             Began as a Ghoul Monk on Jan 26, 2022.
             Was the Champion of Okawaru.
             Slain by a pharaoh ant (26 damage)
             ... on level 1 of the Spider Nest.
             The game lasted 00:58:19 (36236 turns).

HallandMoats the Sharpshooter (Ghoul Monk)         Turns: 36236, Time: 00:58:20

Health: -3/139     AC: 31    Str: 23    XL:     16   Next: 43%
Magic:  23/23      EV:  9    Int: 10    God:    Okawaru [******]
Gold:   72         SH:  0    Dex: 28    Spells: 15/15 levels left

rFire   + + +      SeeInvis .   b - +9 arbalest of False Accusations {penet, rC+ Dex+5 Stlth+}
rCold   + + +      Faith    +   (shield currently unavailable)
rNeg    + + +      Spirit   .   L - +9 scales of the Dragon King {rPois rF+ rC+ Will+}
rPois   ∞          Reflect  .   E - +0 hat of the Forgotten Hells {rF+++ Int-3 Dex+3}
rElec   +          Harm     .   f - +2 cloak "Peph" {*Slow rElec Str+4 Dex+9}
rCorr   +          Rampage  .   (no gloves)
Will    +++..                   e - +1 pair of boots
Stlth   ..........              c - amulet of faith
HPRegen 0.00/turn               a - +4 ring of slaying
MPRegen 0.18/turn               j - ring "Roboamp" {Will+ rCorr Int+6 Dex-2}

@: inhibited regen
A: claws 1, cold resistance 1, negative energy resistance 3, inhibited
regeneration, torment resistance 2
a: Renounce Religion, Heroism, Finesse, Duel


You were on level 1 of the Spider Nest.
You worshipped Okawaru.
Okawaru was exalted by your worship.
You visited 5 branches of the dungeon, and saw 25 of its levels.
You also visited: Ossuary and Gauntlet.

You collected 2949 gold pieces.
You spent 2877 gold pieces at shops.

Inventory:

Hand Weapons
 b - the +9 arbalest of False Accusations (weapon) {penet, rC+ Dex+5 Stlth+}
   (Okawaru gifted it to you on level 9 of the Dungeon)

   Any ammunition fired by it passes through the targets it hits, potentially
   hitting all targets in its path until it reaches maximum range.
   Dex:       It affects your dexterity (+5).
   rC:        It protects you from cold.
   Stlth:     It makes you more stealthy.
Missiles
 l - 5 throwing nets
 H - 222 bolts (quivered ammo)
Armour
 e - a +1 pair of boots (worn)
 f - the +2 cloak "Peph" (worn) {*Slow rElec Str+4 Dex+9}
   (You found it on level 2 of the Lair of Beasts)

   Str:       It affects your strength (+4).
   Dex:       It affects your dexterity (+9).
   rElec:     It insulates you from electricity.
   *Slow:     It may slow you when you take damage.
 n - a +2 kite shield
 E - the +0 hat of the Forgotten Hells (worn) {rF+++ Int-3 Dex+3}
   (Okawaru gifted it to you on level 1 of the Lair of Beasts)

   Int:       It affects your intelligence (-3).
   Dex:       It affects your dexterity (+3).
   rF:        It renders you almost immune to fire.
 L - the +9 scales of the Dragon King (worn) {rPois rF+ rC+ Will+}
   (You bought it in a shop on level 13 of the Dungeon)

   rF:        It protects you from fire.
   rC:        It protects you from cold.
   rPois:     It protects you from poison.
   Will:      It increases your willpower.
Jewellery
 a - a +4 ring of slaying (left claw)
 c - an amulet of faith (around neck)
 j - the ring "Roboamp" (right claw) {Will+ rCorr Int+6 Dex-2}
   (You found it on level 13 of the Dungeon)

   [ring of intelligence]

   Int:       It affects your intelligence (+6).
   Dex:       It affects your dexterity (-2).
   rCorr:     It protects you from acid and corrosion.
   Will:      It increases your willpower.
 z - the ring of Winter {rElec rF+ rC+ Str+4}
   (You found it in a Gauntlet)

   [ring of protection from fire]

   Str:       It affects your strength (+4).
   rF:        It protects you from fire.
   rC:        It protects you from cold.
   rElec:     It insulates you from electricity.
 D - a ring of protection from cold
 M - a +4 ring of evasion
 R - a ring of willpower
Wands
 i - a wand of acid (13)
 A - a wand of iceblast (25)
 C - a wand of digging (5)
 G - a wand of flame (9)
Scrolls
 h - 4 scrolls of immolation
 m - 4 scrolls of amnesia
 p - a scroll of torment
 r - a scroll of holy word {unknown}
 u - 5 scrolls of enchant armour
 v - a scroll of brand weapon {unknown}
 w - 6 scrolls of teleportation
 x - 2 scrolls of blinking
 y - 8 scrolls of fog
 B - 3 scrolls of magic mapping
 F - a scroll of silence
 I - a scroll of identify
 O - a scroll of enchant weapon
Potions
 d - 4 potions of flight
 g - 5 potions of heal wounds
 k - a potion of cancellation
 o - a potion of invisibility
 q - 7 potions of haste
 t - 13 potions of curing
 J - 2 potions of brilliance
 K - a potion of ambrosia
 S - 3 potions of might
Miscellaneous
 s - a phantom mirror


   Skills:
 + Level 11.9 Fighting
 * Level 16.5 Crossbows
 + Level 7.9 Armour
 + Level 8.5 Dodging
 - Level 2.1 Stealth
 + Level 7.4 Shields
 * Level 12.5 Unarmed Combat
 + Level 10.9 Invocations


You had 15 spell levels left.
You didn't know any spells.
Your spell library contained the following spells:

 Spells                   Type           Power      Damage    Failure   Level
 Pain                     Necr           0%         1d4       100%        1
 Sting                    Tmut/Pois      0%         1d3       100%        1
 Ensorcelled Hibernation  Hex/Ice        0%         N/A       100%        2
 Poisonous Vapours        Pois/Air       0%         N/A       100%        2
 Confusing Touch          Hex            0%         N/A       100%        3
 Gell's Gravitas          Tloc           0%         N/A       100%        3
 Portal Projectile        Hex/Tloc       0%         N/A       100%        3
 Teleport Other           Tloc           0%         N/A       100%        3
 Vampiric Draining        Necr           0%         2d6       100%        3
 Anguish                  Hex/Necr       0%         N/A       100%        4
 Leda's Liquefaction      Hex/Erth       0%         N/A       100%        4
 Olgreb's Toxic Radiance  Pois           0%         N/A       100%        4
 Passage of Golubria      Tloc           0%         N/A       100%        4
 Excruciating Wounds      Necr           0%         N/A       100%        5
 Yara's Violent Unravell  Hex/Tmut       0%         3d3       100%        5
 Dispersal                Tloc           0%         N/A       100%        6
 Enfeeble                 Hex            0%         N/A       100%        7
 Discord                  Hex            0%         N/A       100%        8
 Animate Skeleton         Necr           Unusable   N/A       N/A         1
 Tukima's Dance           Hex            Unusable   N/A       N/A         3
 Blade Hands              Tmut           Unusable   N/A       N/A         5

Dungeon Overview and Level Annotations

Branches:
Dungeon (15/15)            Temple (1/1) D:6            Lair (6/6) D:8
 Shoals (0/4) Lair:2       Spider (1/4) Lair:3        Slime (0/5) Lair:6
    Orc (2/2) D:12            Elf (0/3) Orc:2        Vaults (0/5) D:13
 Depths (0/4) D:15        Ossuary (visited)         Gauntlet (visited)

Altars:
Ashenzari
Cheibriados
Dithmenos
Elyvilon
Fedhas
Gozag
Hepliaklqana
Kikubaaqudgha
Makhleb
Nemelex Xobeh
Okawaru
Qazlal
Ru
Sif Muna
Trog
Uskayaw
Vehumet
Wu Jian
Xom
Yredelemnul
Zin
The Shining One
Beogh

Shops:
D:1 [   D:2 (   D:13 [   Orc:2 [![(**

Portals:
Trove: D:15 (give horn of Geryon)

Annotations:
D:15 2 transporters, muata's ghost, journeyman MiBe
Lair:2 exclusion: 2 oklob plants


Innate Abilities, Weirdness & Mutations

You thrive by killing the living.
You are immune to poison.
You have sharp fingernails.
Your flesh is cold resistant. (rC+)
You are immune to negative energy. (rN+++)
You do not regenerate when monsters are visible.
You are immune to unholy pain and torment.


Message History

You shoot a bolt.
The bolt pierces through the meliai but does no damage.
The meliai is almost dead.
The meliai hits you but does no damage. The meliai closely misses you.
The meliai hits you but does no damage.
The meliai stings you but does no damage.
Fire: 226 bolts
Press: ? - help, Q - select action, (/) - cycle Shift-Dir - straight line, f/p - meliai
Aim: a meliai, wielding a +0 hand axe and wearing a +0 robe (almost dead, 74% to hit)
You shoot a bolt. The bolt pierces through the meliai!!
You kill the meliai!
Okawaru accepts your kill.
A wolf spider comes into view.
Fire: 225 bolts
Press: ? - help, Q - select action, (/) - cycle Shift-Dir - straight line, f - pharaoh ant
Aim: a pharaoh ant (84% to hit)
You shoot a bolt. The bolt barely misses the pharaoh ant.
The wolf spider hisses angrily.
A jumping spider comes into view.
The pharaoh ant bites you but does no damage.
Fire: 224 bolts
Press: ? - help, Q - select action, (/) - cycle Shift-Dir - straight line, f/p - pharaoh ant
Aim: a pharaoh ant (84% to hit)
You shoot a bolt.
The bolt closely misses the pharaoh ant.
The jumping spider hisses angrily.
The pharaoh ant bites you!!
* * * LOW HITPOINT WARNING * * *
Fire: 223 bolts
Press: ? - help, Q - select action, (/) - cycle Shift-Dir - straight line, f/p - pharaoh ant
Aim: a pharaoh ant (84% to hit)
You shoot a bolt.
The bolt pierces through the pharaoh ant!
The pharaoh ant is lightly damaged.
The pharaoh ant bites you.
* * * LOW HITPOINT WARNING * * *
The pharaoh ant barely misses you.
The jumping spider leaps!
Unknown command.
The pharaoh ant bites you!!
You die...

#........# ....#(.#
........)#### ...#..#
...####.....# °....#
#.##..##†...####....#
###............#^..(##
# #............##.).(#
####...........^##))###
.###.............#s...#
.##.............@B....#
..##..........^.#...###
...########.....###.#
.......##....#....###
......(.##..###^..#
.........##..###.##
........# #.## ###
.....#### ###
.#....#.##


You could see a wolf spider and a pharaoh ant.

Vanquished Creatures
  A frost giant (D:15)
  A spark wasp (Spider:1)
  A minotaur (Gauntlet)
  The ghost of Jiosameg the Thaumaturge, a journeyman DrCj of Vehumet (D:13)
  A fire dragon (Lair:6)
  A rakshasa (D:9)
  8 hydras
  Erolcha (Orc:1)
  Fannar (D:12)
  A catoblepas (Lair:5)
  3 boulder beetles
  5 centaur warriors
  The ghost of RBrandon the Nimble, a journeyman OpFE of Ru (Lair:2)
  6 death yaks (Lair:3)
  A death scarab (Spider:1)
  7 two-headed ogres
  A death knight (D:13)
  4 tengu warriors (D:15)
  3 orc high priests (Orc:2)
  The ghost of HuGe the Cleaver, a novice MiBe of Trog (Lair:1)
  Sonja (Lair:5)
  A fire crab (Lair:6)
  A fire crab (shapeshifter) (D:13)
  A skeletal warrior (D:12)
  A sun moth (Spider:1)
  An orb spider (Spider:1)
  A steelbarb worm (Spider:1)
  4 orc knights (Orc:2)
  A phantasmal warrior (D:13)
  4 lindwurms (D:15)
  5 oklob plants
  A deep elf pyromancer (D:15)
  6 orc sorcerers (Orc:2)
  7 ugly things
  7 cyclopes
  3 manticores
  5 moths of wrath
  9 elephants
  Joseph (D:7)
  A torpor snail (Spider:1)
  14 cane toads
  2 molten gargoyles
  12 black mambas
  An unseen horror (D:11)
  2 rime drakes (shapeshifter)
  2 demonic crawlers (Spider:1)
  A komodo dragon (shapeshifter) (D:14)
  3 freezing wraiths
  3 rime drakes
  18 komodo dragons
  4 trolls
  2 kobold demonologists (D:9)
  3 meliai (Spider:1)
  A tarantella (Spider:1)
  A hornet (D:7)
  12 slime creatures (D:13)
  A polar bear (Lair:1)
  16 blink frogs
  A raiju (Gauntlet)
  18 dream sheep
  4 jumping spiders
  A culicivora (shapeshifter) (D:12)
  2 vampires
  A culicivora (Spider:1)
  3 shadows
  5 wraiths
  Eustachio (D:6)
  40 yaks
  10 basilisks
  6 wyverns
  7 steam dragons
  6 redbacks
  6 vampire mosquitoes
  5 neqoxecs (D:13)
  A warg (Orc:2)
  5 hell hounds (Lair:6)
  2 acid dragons
  12 water moccasins
  A floating eye (Lair:4)
  An ice beast (D:7)
  Duvessa (D:5)
  A floating eye (shapeshifter) (D:12)
  27 orc warriors
  A sky beast (D:7)
  A necrophage (D:7)
  6 black bears
  4 ogres
  3 wolves (Gauntlet)
  15 centaurs
  A kobold brigand (D:8)
  17 bullfrogs
  2 gnoll sergeants
  4 scorpions
  Dowan (D:5)
  A killer bee (D:9)
  2 electric eels (Lair:1)
  7 howler monkeys
  11 centaur zombies
  3 lava snakes (Lair:6)
  3 quasits (D:13)
  A bullfrog zombie (D:6)
  4 hounds
  16 orc priests
  A jelly (Temple)
  A gnoll shaman (D:6)
  2 centaur skeletons
  2 iguanas
  21 orc wizards
  2 killer bee zombies
  6 mummies
  A howler monkey zombie (D:11)
  A howler monkey skeleton (D:7)
  5 adders
  6 gnolls
  2 white imps
  An adder skeleton (D:4)
  A worm (D:4)
  52 orcs
  A bat (D:3)
  5 endoplasms
  3 giant cockroaches
  6 goblins
  3 hobgoblins
  3 jackals (D:4)
  8 kobolds
  3 quokkas
  A frilled lizard (D:2)
  4 hobgoblin zombies (Ossuary)
  2 rats
621 creatures vanquished.

Vanquished Creatures (others)
  4 demonic plants (Gauntlet)
  23 fungi
  37 plants
64 creatures vanquished.

Grand Total: 685 creatures vanquished

Notes
Turn   | Place    | Note
-------+----------+-------------------------------------------
     0 | D:1      | HallandMoats the Ghoul Monk began the quest for the Orb.
     0 | D:1      | Reached XP level 1. HP: 19/19 MP: 0/0
   147 | D:1      | Found Toduvoc's Antique Armour Emporium.
   527 | D:1      | Reached XP level 2. HP: 26/26 MP: 1/1
  1005 | D:2      | Found Neyxtapt's Weapon Emporium.
  1169 | D:2      | Found a faded altar of an unknown god.
  1437 | D:3      | Reached XP level 3. HP: 33/33 MP: 2/2
  1476 | D:3      | Reached skill level 1 in Invocations
  1530 | D:3      | Reached XP level 4. HP: 36/40 MP: 3/3
  1564 | D:2      | Reached skill level 1 in Armour
  1713 | D:3      | Reached XP level 5. HP: 42/46 MP: 5/5
  2481 | D:4      | Reached XP level 6. HP: 53/53 MP: 6/6
  2929 | D:5      | Entered Level 5 of the Dungeon
  2934 | D:5      | Noticed Dowan
  3083 | D:5      | Reached skill level 5 in Fighting
  3084 | D:5      | Reached skill level 5 in Unarmed Combat
  3184 | D:5      | Reached XP level 7. HP: 54/61 MP: 7/7
  3844 | D:5      | Noticed Duvessa
  3849 | D:5      | Killed Duvessa
  3852 | D:5      | Killed Dowan
  3937 | D:6      | Noticed Eustachio
  3952 | D:6      | Killed Eustachio
  3953 | D:6      | Reached XP level 8. HP: 66/70 MP: 9/9
  4024 | D:6      | Found a staircase to the Ecumenical Temple.
  4033 | Temple   | Entered the Ecumenical Temple
  4292 | Temple   | Became a worshipper of Warmaster Okawaru
  4292 | Temple   | Reached * piety under Okawaru
  4292 | Temple   | Reached ** piety under Okawaru
  4746 | D:6      | Found a burning altar of Makhleb.
  5542 | D:7      | Reached *** piety under Okawaru
  5543 | D:7      | Reached XP level 9. HP: 76/79 MP: 11/11
  5648 | D:7      | Noticed a hornet
  5650 | D:7      | Noticed a troll
  5659 | D:7      | Noticed Joseph
  5820 | D:7      | Killed Joseph
  5821 | D:7      | Reached skill level 5 in Dodging
  5994 | D:7      | Killed a troll
  5994 | D:7      | Reached **** piety under Okawaru
  5996 | D:7      | Killed a hornet
  5997 | D:7      | Reached skill level 5 in Invocations
  6590 | D:8      | Noticed a centaur warrior
  6604 | D:8      | Killed a centaur warrior
  6604 | D:8      | Reached ***** piety under Okawaru
  6605 | D:8      | Reached XP level 10. HP: 36/90 MP: 9/13
  6862 | D:8      | Found a sand-covered staircase.
  6871 | Ossuary  | Entered an ossuary
  7049 | D:8      | Identified the +5 ring mail "Woexkode" {Rampage rN+}
  7148 | D:8      | Found a staircase to the Lair.
  7257 | D:8      | Reached skill level 5 in Armour
  7734 | D:8      | Received a gift from Okawaru
  7918 | D:9      | Noticed a two-headed ogre
  7918 | D:9      | Noticed a kobold demonologist
  7918 | D:9      | Noticed a rakshasa
  7919 | D:9      | Noticed an eight-headed hydra
  7955 | Lair:1   | Entered Level 1 of the Lair of Beasts
  8059 | Lair:1   | Reached skill level 1 in Shields
  8472 | Lair:1   | Reached XP level 11. HP: 64/99 MP: 15/15
  8638 | Lair:1   | Found a transporter.
  8649 | Lair:1   | Found a frozen archway.
  8670 | Lair:1   | Found a transporter.
  8670 | Lair:1   | Noticed HuGe's ghost (novice MiBe)
  8701 | Lair:1   | Reached skill level 10 in Fighting
  8701 | Lair:1   | Reached skill level 10 in Unarmed Combat
  8864 | Lair:1   | Identified the +0 hat of the Forgotten Hells {rF+++ Int-3
                  | Dex+3} (Okawaru gifted it to you on level 1 of the Lair of
                  | Beasts)
  8864 | Lair:1   | Received a gift from Okawaru
  9522 | Lair:1   | Noticed an eight-headed hydra
 10140 | Lair:2   | Found a transporter.
 10143 | Lair:2   | Noticed RBrandon's ghost (journeyman OpFE)
 10156 | Lair:2   | Noticed a moth of wrath
 10481 | Lair:2   | Found a transporter.
 10642 | Lair:2   | Found a blossoming altar of Fedhas.
 10645 | Lair:2   | Noticed an oklob plant
 10646 | Lair:2   | Noticed an oklob plant
 11107 | Lair:2   | Noticed a four-headed hydra
 11127 | Lair:2   | Killed a four-headed hydra
 11312 | Lair:2   | Reached ****** piety under Okawaru
 11328 | Lair:2   | Received a gift from Okawaru
 11329 | Lair:2   | Reached XP level 12. HP: 65/107 MP: 17/17
 11605 | Lair:2   | Found a staircase to the Shoals.
 11981 | D:9      | Reached skill level 5 in Shields
 12029 | D:9      | Noticed a centaur warrior
 12180 | D:9      | Killed a centaur warrior
 12238 | D:9      | Killed a rakshasa
 12864 | D:9      | Killed an eight-headed hydra
 12864 | D:9      | Identified the +9 arbalest of False Accusations {penet, rC+
                  | Dex+5 Stlth+} (Okawaru gifted it to you on level 9 of the
                  | Dungeon)
 12864 | D:9      | Received a gift from Okawaru
 13188 | D:9      | Killed a two-headed ogre
 13326 | D:9      | Noticed a two-headed ogre
 13335 | D:9      | Killed a two-headed ogre
 13467 | D:10     | Entered Level 10 of the Dungeon
 14022 | D:10     | Reached skill level 1 in Crossbows
 14050 | D:10     | Noticed a two-headed ogre
 14054 | D:10     | Killed a two-headed ogre
 14055 | D:10     | Reached skill level 2 in Crossbows
 14131 | D:10     | Reached skill level 3 in Crossbows
 14491 | D:10     | Noticed a two-headed ogre
 14496 | D:10     | Killed a two-headed ogre
 14497 | D:10     | Reached skill level 4 in Crossbows
 14923 | D:11     | Received a gift from Okawaru
 15186 | D:11     | Reached skill level 5 in Crossbows
 15751 | D:12     | Identified the +11 longbow of the Black Skies {flame, rN+
                  | Str+8 Int-2} (Okawaru gifted it to you on level 12 of the
                  | Dungeon)
 15751 | D:12     | Received a gift from Okawaru
 15752 | D:12     | Reached XP level 13. HP: 89/115 MP: 19/19
 15758 | D:12     | Reached skill level 6 in Crossbows
 15931 | D:12     | Noticed Fannar
 15950 | D:12     | Killed Fannar
 15951 | D:12     | Reached skill level 7 in Crossbows
 16066 | D:12     | Found a staircase to the Orcish Mines.
 16946 | D:12     | Received a gift from Okawaru
 16947 | D:12     | Reached skill level 8 in Crossbows
 17896 | D:12     | Reached skill level 9 in Crossbows
 18130 | D:13     | Found a transporter.
 18136 | D:13     | Received a gift from Okawaru
 18190 | D:13     | Noticed Jiosameg's ghost (journeyman DrCj)
 18201 | D:13     | Found a transporter.
 18696 | D:13     | Reached skill level 10 in Crossbows
 19303 | D:13     | Identified the +0 robe of Entitlement {rC- MP+9 Dex+3}
                  | (Okawaru gifted it to you on level 13 of the Dungeon)
 19303 | D:13     | Received a gift from Okawaru
 19876 | D:12     | Paralysed by a floating eye for 2 turns
 20268 | D:13     | Found a gate to the Vaults.
 20287 | D:13     | Found an opulent altar of Gozag.
 20618 | D:13     | Found Xugiddai's Armour Shop.
 20664 | D:13     | Reached skill level 11 in Crossbows
 21806 | D:14     | Reached XP level 14. HP: 51/122 MP: 20/20
 22972 | D:13     | Lost intelligence.
 22988 | D:13     | Killed Jiosameg's ghost
 22989 | D:13     | Reached skill level 12 in Crossbows
 23018 | D:13     | Identified the ring "Roboamp" {Will+ rCorr Int+6 Dex-2}
 23323 | Lair:1   | Killed HuGe's ghost
 23323 | Lair:1   | Received a gift from Okawaru
 23560 | Lair:2   | Killed RBrandon's ghost
 23579 | Lair:2   | Identified the +2 cloak "Peph" {*Slow rElec Str+4 Dex+9}
 23672 | Lair:3   | Reached skill level 13 in Crossbows
 24032 | Lair:3   | Received a gift from Okawaru
 24395 | Lair:3   | Reached skill level 14 in Crossbows
 24811 | Lair:3   | Received a gift from Okawaru
 24966 | Lair:3   | Received a gift from Okawaru
 25345 | Lair:3   | Found a hole to the Spider Nest.
 25837 | Lair:4   | Found a gate leading to a gauntlet.
 25873 | Lair:4   | Received a gift from Okawaru
 25920 | Lair:4   | Received a gift from Okawaru
 25940 | Gauntlet | Entered a Gauntlet
 25940 | Gauntlet | Found a transporter.
 25940 | Gauntlet | Found a transporter.
 26077 | Gauntlet | Found a transporter.
 26092 | Gauntlet | Found a transporter.
 26113 | Gauntlet | Found a transporter.
 26122 | Gauntlet | Found a transporter.
 26131 | Gauntlet | Noticed a quicksilver ooze
 26139 | Gauntlet | Found a transporter.
 26205 | Gauntlet | Found a transporter.
 26220 | Gauntlet | Found a transporter.
 26234 | Gauntlet | Found a transporter.
 26247 | Gauntlet | Found a transporter.
 26253 | Gauntlet | Noticed a reaper
 26266 | Gauntlet | Found a transporter.
 26333 | Gauntlet | Found a transporter.
 26349 | Gauntlet | Found a transporter.
 26377 | Gauntlet | Found a transporter.
 26389 | Gauntlet | Found a transporter.
 26490 | Gauntlet | Identified the +0 cloak of Vuvoos {Str+6 Dex-4}
 26566 | Gauntlet | Identified the ring of Winter {rElec rF+ rC+ Str+4}
 26579 | Gauntlet | Identified a scroll of acquirement
 26580 | Gauntlet | Acquired 761 gold pieces
 27222 | D:13     | Bought the +9 scales of the Dragon King {rPois rF+ rC+
                  | Will+} for 2121 gold pieces
 27222 | D:13     | Found the +9 scales of the Dragon King {rPois rF+ rC+
                  | Will+}
 27305 | D:15     | Entered Level 15 of the Dungeon
 27321 | D:15     | Noticed muata's ghost (journeyman MiBe)
 27322 | D:15     | Found a transporter.
 27327 | D:15     | Noticed a fire giant
 27478 | D:15     | Identified the +20 crystal plate armour "Dupp" {Harm *Slow
                  | rN+++ Slay-6} (Okawaru gifted it to you on level 15 of the
                  | Dungeon)
 27478 | D:15     | Received a gift from Okawaru
 27604 | D:15     | Reached skill level 15 in Crossbows
 27622 | D:15     | Reached XP level 15. HP: 122/128 MP: 21/21
 27696 | D:15     | Found a transporter.
 27738 | D:15     | Found a portal to a secret trove of treasure.
 28238 | D:15     | Found a staircase to the Depths.
 28238 | D:15     | Noticed a frost giant
 28247 | D:15     | Killed a frost giant
 28324 | D:15     | Reached skill level 10 in Invocations
 28524 | D:15     | Got the Compendium of Execration
 29770 | Lair:4   | Paralysed by a floating eye for 4 turns
 30529 | Lair:5   | Received a gift from Okawaru
 31055 | Lair:5   | Received a gift from Okawaru
 31553 | Lair:5   | Noticed Sonja
 31561 | Lair:5   | Killed Sonja
 31895 | Lair:5   | Reached skill level 16 in Crossbows
 32009 | Lair:6   | Entered Level 6 of the Lair of Beasts
 32122 | Lair:6   | Found a staircase to the Slime Pits.
 32502 | Lair:6   | Received a gift from Okawaru
 33456 | Lair:6   | Found a large runed translucent door.
 33456 | Lair:6   | Found a large runed translucent door.
 34026 | Lair:6   | Reached XP level 16. HP: 135/138 MP: 20/22
 34365 | Orc:1    | Entered Level 1 of the Orcish Mines
 34365 | Orc:1    | Noticed Erolcha
 34369 | Orc:1    | Killed Erolcha
 34583 | Orc:2    | Entered Level 2 of the Orcish Mines
 34772 | Orc:2    | Found a staircase to the Elven Halls.
 34862 | Orc:2    | Found Yclo's General Store.
 34875 | Orc:2    | Found Iqaoph's Specific Store.
 35108 | Orc:2    | Found Doretzag's Antique Weapon Shoppe.
 35108 | Orc:2    | Found Unoasian's Armour Shoppe.
 35109 | Orc:2    | Found Jumn's Armour Boutique.
 35109 | Orc:2    | Found Ryr Zipn's Distillery.
 35367 | Orc:2    | Bought a potion of curing for 54 gold pieces
 35367 | Orc:2    | Bought a potion of might for 72 gold pieces
 35367 | Orc:2    | Bought a potion of brilliance for 72 gold pieces
 35367 | Orc:2    | Bought a potion of ambrosia for 144 gold pieces
 35367 | Orc:2    | Bought a potion of heal wounds for 90 gold pieces
 35367 | Orc:2    | Bought a potion of brilliance for 72 gold pieces
 35367 | Orc:2    | Bought a potion of might for 72 gold pieces
 35367 | Orc:2    | Bought 2 potions of heal wounds for 180 gold pieces
 35646 | Spider:1 | Entered Level 1 of the Spider Nest
 35708 | Spider:1 | Received a gift from Okawaru
 36170 | Spider:1 | Identified the +7 spear "Yvuoss" {vorpal, *Noise Drain rF+
                  | Str+8} (Okawaru gifted it to you on level 1 of the Spider
                  | Nest)
 36170 | Spider:1 | Received a gift from Okawaru
 36236 | Spider:1 | Slain by a pharaoh ant

Illustrated notes

Levels and vault maps discovered:
D:1:      dpeg_arrival_tiny_a, layout_basic, serial_shops,
          nicolae_shop_hallway_stairs
D:2:      layout_rooms, dreamdust_ecumenical_altar_grove, serial_shops,
          nicolae_shop_bloodbath_and_beyond
D:3:      layout_rooms
D:4:      layout_loops_ring
D:5:      minmay_general_purpose_star, layout_basic, uniq_duvessa
D:6:      layout_cave_pods, bloody_makhleb, minmay_temple_entry_large_hall,
          uniq_eustachio
D:7:      layout_cave_pods, uniq_joseph
D:8:      layout_loops_ring, dpeg_oklobed_lair, gup_ossuary_entry_pyramid
D:9:      cheibrodos_ideogram_h, layout_stronghold, hangedman_corner_corridor
D:10:     layout_small_grid, solitary_fountain
D:11:     layout_roguey
D:12:     layout_loops_ring, minmay_orc_entry_temple_small, minivault_1,
          uniq_fannar
D:13:     layout_stronghold, david_vaults_2, gammafunk_ghost_stat_death,
          serial_shops, shop, grunt_gozag_statues
D:14:     layout_basic, chequers_avenue
D:15:     grunt_enter_depths_snipers, layout_stronghold, enter_trove_2,
          gammafunk_ghost_arena, drop_trap, minmay_lindwurm_lava
Temple:   mainiacjoe_temple_archimedes_tessellation
Lair:1:   layout_gridlike, portal_ice_cave_entry_pillars_1, nzn_ghost_randoct
Lair:2:   layout_roguey, elwin_shoals_entry_rooms,
          gammafunk_ghost_berserking_beasts, hangedman_tree_tricks,
          beast_lair_carwin_2
Lair:3:   layout_chaotic_city, nicolae_spider_entry_tight_spaces,
          infiniplex_staircase_pool_2
Lair:4:   layout_cave_pods, gauntlet_entry_generic, disabler_island,
          infiniplex_staircase_pool, grunt_megastairs_2, serial_bayou_shore_a
Lair:5:   layout_cave_pods, minmay_lair_oklob_items, uniq_sonja
Lair:6:   cheibrodos_lair_end_hotspot, layout_cave_shapes,
          dpeg_slime_entry_corner, nicolae_quartered_pool_impasse,
          serial_bayou_shore_b
Spider:1: layout_spider_delve
Orc:1:    layout_caves, serial_shops, nicolae_diamond_shop, uniq_erolcha
Orc:2:    st_orc_elflike, layout_caves, nicolae_specific_store

Skill      XL: |  1  2  3  4  5  6  7  8  9 10 11 12 13 14 15 16 |
---------------+-------------------------------------------------+-----
Invocations    | 1 2 3 4 5 7 8 9 10 | 10.9
Unarmed Combat | 4 5 6 7 8 9 10 11 12 | 12.5
Fighting       | 4 5 6 7 8 9 10 11 | 11.9
Armour         | 1 2 3 4 5 6 7 |  7.9
Dodging        | 3 4 5 6 7 8 |  8.5
Shields        | 2 4 6 7 |  7.4
Crossbows      | 5 11 15 16 | 16.5
Stealth        | |  2.1

Action                   |  1- 3 |  4- 6 |  7- 9 | 10-12 | 13-15 | 16-18 || total
-------------------------+-------+-------+-------+-------+-------+-------++-------
Melee: Unarmed           |    55 |   112 |   177 |   488 |  1065 |    50 ||  1947
       Punch             |     3 |     6 |     8 |     8 |   121 |     2 ||   148
 Fire: Arbalest          |       |       |       |    47 |   224 |   165 ||   436
Invok: Heroism           |       |       |     3 |     6 |    17 |     2 ||    28
       Finesse           |       |       |       |       |     7 |       ||     7
Evoke: Wand              |       |       |       |     1 |     5 |     2 ||     8
  Use: Scroll            |       |       |    15 |     8 |    11 |       ||    34
       Potion            |       |       |       |     3 |     9 |       ||    12
 Stab: Sleeping          |     1 |       |       |     1 |     3 |       ||     5
       Distracted        |       |       |       |     3 |     2 |       ||     5
       Invisible         |       |       |       |       |     1 |       ||     1
       Petrified         |       |       |       |       |     2 |       ||     2
Armor: Robe              |     9 |       |       |       |       |       ||     9
       Ice dragon scales |    16 |    43 |   145 |    86 |       |       ||   290
       Ring mail         |       |       |       |   122 |   253 |       ||   375
       Gold dragon scale |       |       |       |       |   443 |    96 ||   539
Dodge: Dodged            |    19 |    41 |   111 |   262 |   689 |    55 ||  1177
Block: Kite shield       |       |       |       |   164 |       |       ||   164

Table legend: (Time is in decaauts)
 A = Elapsed time spent in this place.
 B = Non-inter-level travel time spent in this place.
 C = Inter-level travel time spent in this place.
 D = Time resting spent in this place.
 E = Time spent auto-exploring this place.
 F = Levels seen in this place.
 G = Mean time per level.
                   A        B        C        D        E       F      G
               +--------+--------+--------+--------+--------+-----+--------+
         Total |  36113 |  33103 |   3010 |   3890 |  23820 |  27 | 1337.5 |
       Dungeon |  20742 |  18639 |   2103 |   2420 |  13323 |  15 | 1382.8 |
        Temple |    628 |    601 |     27 |    326 |    225 |   1 |  628.0 |
          Lair |  12040 |  11268 |    772 |    857 |   8684 |   6 | 2006.7 |
   Spider Nest |    596 |    596 |      0 |      0 |    500 |   1 |  596.0 |
  Orcish Mines |   1046 |    940 |    106 |      0 |    579 |   2 |  523.0 |
       Ossuary |    115 |    115 |      0 |      0 |     69 |   1 |  115.0 |
      Gauntlet |    943 |    943 |      0 |    287 |    440 |   1 |  943.0 |
               +--------+--------+--------+--------+--------+-----+--------+

Top non-repeatable levels by time:
    D:13: 2522 daAuts
    D:12: 2480 daAuts
  Lair:3: 2310 daAuts
  Lair:2: 2230 daAuts
  Lair:1: 2211 daAuts
    D:14: 2004 daAuts
     D:9: 1879 daAuts
  Lair:6: 1812 daAuts
    D:11: 1773 daAuts
  Lair:5: 1749 daAuts
  Lair:4: 1726 daAuts
     D:8: 1579 daAuts
    D:15: 1284 daAuts
     D:7: 1095 daAuts
     D:4: 1083 daAuts
